 Dungeon Crawl Stone Soup version 0.20-a0-1117-g62da73f (webtiles) character file.

95 Monsterracer the Ruffian (level 4, -5/44 HPs)
             Began as a Troll Monk on May 9, 2017.
             Killed from afar by Natasha (6 damage)
             ... with a magic dart
             ... on level 2 of the Dungeon.
             The game lasted 00:04:59 (1414 turns).

Monsterracer the Ruffian (Troll Monk)               Turns: 1414, Time: 00:05:01

Health: -5/44      AC:  5    Str: 20    XL:     4   Next: 40%
Magic:  3/3        EV: 10    Int:  6    God:
Gold:   43         SH:  0    Dex: 12    Spells: 1/3 levels left

rFire    . . .     SeeInvis .     - Unarmed
rCold    . . .     Gourm    +   (no shield)
rNeg     . . .     Faith    .   a - +0 robe
rPois    .         Spirit   .   (helmet restricted)
rElec    .         Reflect  .   (no cloak)
rCorr    .         Harm     .   (gloves unavailable)
MR       .....                  (boots unavailable)
Stlth    ++........             (no amulet)
Regen    0.6/turn               (no ring)
MPRegen  0.1/turn               (no ring)

@: no status effects
A: unfitting armour, claws 3, fast metabolism 3, gourmand, regeneration 1,
shaggy fur 1, tough skin 2
a: no special abilities


You were on level 2 of the Dungeon.
You were very full.

You visited 1 branch of the dungeon, and saw 2 of its levels.

You collected 43 gold pieces.

Inventory:

Missiles
 i - 8 tomahawks (quivered)
Armour
 a - a +0 robe (worn)
Scrolls
 c - 5 scrolls of identify {unknown}
 d - a scroll of blinking {unknown}
 e - a scroll of remove curse {unknown}
 f - a scroll of amnesia {unknown}
 h - a scroll of teleportation {unknown}
 j - a scroll of immolation {unknown}
Books
 k - a book of Minor Magic

   Spells                             Type                      Level
   a - Magic Dart                     Conjuration                  1
   b - Blink                          Translocation                2
   c - Call Imp                       Summoning                    2
   d - Slow                           Hexes                        2
   e - Conjure Flame                  Conjuration/Fire             3
   f - Mephitic Cloud                 Conjuration/Poison/Air       3
Comestibles
 b - 4 bread rations
 g - a meat ration


   Skills:
 - Level 2.4 Fighting
 - Level 2.4 Dodging
 - Level 1.0 Stealth
 + Level 5.2 Unarmed Combat


You had one spell level left.
You knew the following spells:

 Your Spells              Type           Power        Failure   Level  Hunger
a - Blink                 Tloc           N/A          58%         2    ###....


Dungeon Overview and Level Annotations

Branches:
Dungeon (2/15)

Altars:
Vehumet

Annotations:
D:2 Natasha


Innate Abilities, Weirdness & Mutations

You are too large for most types of armour.
You have claws for hands.
Your metabolism is lightning-fast.
You like to eat raw meat.
Your natural rate of healing is unusually fast.
You are covered in fur. (AC +1)
You have very tough skin. (AC +2)


Message History

Natasha claws you.
* * * LOW HITPOINT WARNING * * *
The crimson imp hits you.
* * * LOW HITPOINT WARNING * * *
The crimson imp barely misses you.
You closely miss Natasha.
Natasha is almost dead.
The crimson imp hits you but does no damage.
Natasha closely misses you.
The crimson imp hits you but does no damage.
The crimson imp disappears for a moment.
The crimson imp hits you.
* * * LOW HITPOINT WARNING * * *
You closely miss Natasha.
Natasha is almost dead.
The crimson imp lashes its tail.
The crimson imp blinks!
Natasha casts a spell at you. The magic dart hits you!
You die...

#.#.#####
#.. #...#
### #.###
# ##.# #
###..#
##....#
##.....##
#...5...#
#.ยง@5...#
#...h...#
##5....##
.......#
#.......#
#..)..>.#
##.....##
##...##


You could see Natasha and 3 crimson imps.

Vanquished Creatures
  4 adders (D:2)
  A worm (D:2)
  A dart slug (D:1)
  2 leopard geckos
  A ball python (D:1)
  6 giant cockroaches
  5 hobgoblins
  2 jackals (D:2)
  5 bats
  2 frilled lizards (D:1)
  8 goblins
  6 kobolds
  7 rats
50 creatures vanquished.

Notes
Turn   | Place    | Note
-------+----------+-------------------------------------------
     0 | D:1      | Monsterracer the Troll Monk began the quest for the Orb.
     0 | D:1      | Reached XP level 1. HP: 22/22 MP: 0/0
   117 | D:1      | Reached XP level 2. HP: 29/29 MP: 1/1
   382 | D:1      | Reached skill level 4 in Unarmed Combat
   663 | D:1      | Reached XP level 3. HP: 36/36 MP: 2/2
  1056 | D:2      | Found a radiant altar of Vehumet.
  1131 | D:2      | Reached XP level 4. HP: 37/44 MP: 3/3
  1191 | D:2      | Reached skill level 5 in Unarmed Combat
  1316 | D:2      | Learned a level 2 spell: Blink
  1398 | D:2      | Noticed Natasha
  1413 | D:2      | HP: 1/44 [crimson imp[Natasha] (3)]
  1414 | D:2      | Killed from afar by Natasha

Vault maps used:
D:1:      lightli_arrival_farm, roderic_roman_lattice, st_stairs_10
D:2:      lemuel_doored_altar, grunt_ministairs_13, kennysheep_path_1,
          uniq_natasha

Skill      XL: |  1  2  3  4 |
---------------+-------------+-----
Unarmed Combat | 4 5 |  5.2
Fighting       | |  2.4
Dodging        | |  2.4
Stealth        | |  1.0

Action                   |  1- 3 |  4- 6 || total
-------------------------+-------+-------++-------
Melee: Unarmed           |    92 |    24 ||   116
       Punch             |     1 |       ||     1
  Use: Potion            |     3 |       ||     3
 Stab: Sleeping          |     4 |       ||     4
  Eat: Chunk             |    15 |     2 ||    17
Armor: Robe              |    28 |     8 ||    36
Dodge: Dodged            |    40 |     8 ||    48
